 Dungeon Crawl Stone Soup version 0.16-a0-3552-ge2e736f (webtiles) character file.

114 Minkie the Grave Robber (level 4, -2/31 HPs)
             Began as a Mummy Necromancer on Jan 9, 2015.
             Slain by a scorpion (8 damage)
             ... on level 3 of the Dungeon.
             The game lasted 00:07:41 (2619 turns).

Minkie the Grave Robber (Mummy Necromancer)         Turns: 2619, Time: 00:07:41

Health: -2/31      AC:  2    Str: 11    XL:     4   Next: 67%
Magic:  2/7        EV: 12    Int: 15    God:
Gold:   139        SH:  0    Dex: 12    Spells: 2 memorised, 2 levels left

rFire  x . .     SeeInvis +     e - +0 spear
rCold  + . .     Clarity  .     a - +0 robe
rNeg   + + +     SustAb   .     (no shield)
rPois  ∞         Gourm    .     (no helmet)
rElec  .         Spirit   .     (no cloak)
rCorr  .         Warding  .     (no gloves)
rMut   .         Stasis   .     (no boots)
MR     .....                    (no amulet)
Stlth  ++........               (no ring)
                                f - ring of see invisible

@: very slightly contaminated, not resistant to hostile enchantments, unstealthy
A: no food or potions, fire vulnerability, restore body, cold resistance 1,
negative energy resistance 3, poison resistance, torment resistance, unbreathing
a: no special abilities


You were on level 3 of the Dungeon.
You were not hungry.

You visited 1 branch of the dungeon, and saw 4 of its levels.

You collected 139 gold pieces.

Inventory:

Hand weapons
 e - a +0 spear (weapon)
Armour
 a - a +0 robe (worn)
Jewellery
 f - a ring of see invisible (left hand)
Scrolls
 c - a scroll of enchant weapon {unknown}
 d - a scroll of immolation {unknown}
 g - 2 scrolls of identify {unknown}
 h - 3 scrolls of remove curse {unknown}
 i - a scroll of teleportation {unknown}
 j - a scroll of noise {unknown}
 k - a scroll of fog {unknown}
 l - a scroll of random uselessness {unknown}
Books
 b - a book of Necromancy

   Spells                             Type                      Level
   a - Pain                           Necromancy                   1
   b - Animate Skeleton               Necromancy                   1
   c - Vampiric Draining              Necromancy                   3
   d - Regeneration                   Charms/Necromancy            3
   e - Animate Dead                   Necromancy                   4
   f - Control Undead                 Necromancy                   4


   Skills:
 + Level 0.8 Fighting
 - Level 1.5 Dodging
 - Level 1.5 Stealth
 - Level 2.0 Spellcasting
 - Level 6.0 Necromancy


You had 2 spell levels left.
You knew the following spells:

 Your Spells              Type           Power        Failure   Level  Hunger
a - Pain                  Necr           ###.         1%          1    N/A
b - Animate Dead          Necr           N/A          21%         4    N/A

Dungeon Overview and Level Annotations

Branches:
Dungeon (4/15)
 Temple: D:4-7

Altars:
Ashenzari
Okawaru
Trog

Annotations:
D:3 Grinder


Innate Abilities, Weirdness & Mutations

You do not eat or drink.
Your flesh is vulnerable to fire.
Your flesh is cold resistant.
You are immune to negative energy.
Your system is resistant to poisons.
You are immune to unholy pain and torment.
You can survive without breathing.


Message History

Casting: Pain
Confirm with . or Enter, or press ? or * to list all spells.
Aiming: Pain
Press: ? - help, Shift-Dir - straight line, f/p - scorpion
Aim: a scorpion (heavily wounded, chance 79%)
The scorpion convulses in agony!
The scorpion stings you. The centaur skeleton hits you. The hound bites you.
The centaur skeleton hits you but does no damage.
The scorpion barely misses you. The hound bites you but does no damage.
The centaur skeleton hits you.
You climb upwards.
Level annotation: Grinder
There is a stone staircase leading down here.
The scorpion stings you!
* * * LOW HITPOINT WARNING * * *
The hound bites you.
* * * LOW HITPOINT WARNING * * *
The scorpion stings you!
You die...

##### ...## ###
#...####### ####..
#.#.......###.....
##@h.####...#.....#
#..s>.............#
#.####............# #.#
#.###.###....# #######.#
#.# #.####.#.# ##_.⌠.##(#
#.# #.#....... #......#.#
#.###.#.##....
###..###.####.....#.####.#
#.....#..5...#####.####.#


You could see a scorpion and a hound.

Vanquished Creatures
  5 adders
  A worm (D:2)
  2 giant mites
  A giant gecko (D:1)
  An ooze (D:3)
  A hobgoblin (D:1)
  4 jackals (D:1)
  A ball python (D:1)
  7 bats
  2 giant newts
  10 goblins
  7 kobolds
  2 quokkas (D:2)
  12 rats
56 creatures vanquished.

Notes
Turn   | Place    | Note
--------------------------------------------------------------
     0 | D:1      | Minkie, the Mummy Necromancer, began the quest for the Orb.
     0 | D:1      | Reached XP level 1. HP: 13/13 MP: 3/3
   183 | D:1      | Reached XP level 2. HP: 19/19 MP: 2/4
   692 | D:1      | Reached skill level 5 in Necromancy
   692 | D:1      | Reached XP level 3. HP: 16/24 MP: 0/6
  1551 | D:2      | Reached XP level 4. HP: 30/30 MP: 2/7
  1600 | D:2      | Learned a level 4 spell: Animate Dead
  2092 | D:3      | Reached skill level 6 in Necromancy
  2267 | D:3      | Found a shattered altar of Ashenzari.
  2514 | D:3      | Found a bloodstained altar of Trog.
  2516 | D:3      | Found an iron altar of Okawaru.
  2587 | D:3      | Noticed Grinder
  2592 | D:3      | Paralysed by Grinder for 3 turns
  2619 | D:3      | Slain by a scorpion

Action                   |  1- 3 |  4- 6 || total
-------------------------+-------+-------++-------
Melee: Spear             |    17 |     3 ||    20
       Dagger            |     7 |       ||     7
       Whip              |     2 |       ||     2
 Cast: Pain              |    57 |    42 ||    99
 Stab: Sleeping          |     1 |       ||     1
